 Dungeon Crawl Stone Soup version 0.19-a0-1337-g9bf5fb0 (webtiles) character file.

161159 Redz the Fighter (level 17, -42/150 HPs)
             Began as a Centaur Skald on Aug 30, 2016.
             Was the Champion of Okawaru.
             Killed from afar by a fire giant (63 damage)
             ... with a bolt of fire
             ... on level 2 of the Depths on Sept 1, 2016.
             The game lasted 05:24:40 (34596 turns).

Redz the Fighter (Centaur Skald)                   Turns: 34596, Time: 05:24:41

Health: -42/150    AC: 24    Str: 22    XL:     17   Next: 19%
Magic:  25/29      EV: 13    Int: 15    God:    Okawaru [******]
Gold:   1966       SH:  5    Dex: 10    Spells: 9 memorised, 3 levels left

rFire  x . .     SeeInvis +     R - +7 bardiche "Relarur" {freeze, rElec rF- rN+ Str+5}
rCold  + . .     Gourm    .     Z - +3 troll leather armour
rNeg   + + .     Faith    .     (shield currently unavailable)
rPois  .         Spirit   .     B - +1 hat {SInv}
rElec  +         Dismiss  .     Q - +1 cloak "Kiogophy" {Regen+}
rCorr  .         Reflect  +     L - +2 pair of gloves {archery}
MR     ++...     Harm     .     M - +2 centaur barding {rC+}
Stlth  ..........               m - +5 amulet of reflection
                                n - ring of positive energy
                                O - ring of protection from magic

@: about to teleport, very quick
A: hooves 3, repulsion field 1, deformed body, speed 2, mutation resistance 1,
tough skin 3
a: Heroism, Finesse, Renounce Religion


You were on level 2 of the Depths.
You worshipped Okawaru.
Okawaru was exalted by your worship.
You were hungry.

You visited 5 branches of the dungeon, and saw 26 of its levels.
You visited the Abyss 1 time.

You collected 2765 gold pieces.
You spent 799 gold pieces at shops.

Inventory:

Hand Weapons
 b - a +2 glaive of venom
 v - a +4 glaive of venom
 J - a +0 trident of piercing
 R - the +7 bardiche "Relarur" (weapon) {freeze, rElec rF- rN+ Str+5}
   (Okawaru gifted it to you on level 3 of the Lair of Beasts)

   It has been specially enchanted to freeze those struck by it, causing extra
   injury to most foes and up to half again as much damage against particularly
   susceptible opponents.
   It can also slow down cold-blooded creatures.
   It affects your strength (+5).
   It makes you vulnerable to fire.
   It insulates you from electricity.
   It protects you from negative energy.
Armour
 e - a +2 centaur barding of flying
 B - a +1 hat of see invisible (worn)
 L - a +2 pair of gloves of archery (worn)
 M - a +2 centaur barding of cold resistance (worn)
 Q - the +1 cloak "Kiogophy" (worn) {Regen+}
   (You found it on level 2 of the Depths)

   It increases your rate of regeneration.
 Z - a +3 troll leather armour (worn)
Jewellery
 m - a +5 amulet of reflection (around neck)
 n - a ring of positive energy (right hand)
 O - a ring of protection from magic (left hand)
Wands
 c - a wand of lightning (7/15)
 j - a wand of disintegration (19/24)
 k - a wand of teleportation (3/9)
 E - a wand of teleportation (3/9)
 V - a wand of digging (11/24)
 X - a wand of disintegration (2/24)
Scrolls
 g - 3 scrolls of fear
 l - a scroll of holy word
 r - 6 scrolls of teleportation
 u - a scroll of silence
 w - 5 scrolls of enchant weapon
 y - 2 scrolls of recharging
 z - 4 scrolls of amnesia
 C - a scroll of identify
 D - a scroll of blinking
 N - 8 scrolls of remove curse
 Y - 3 scrolls of magic mapping
Potions
 f - 2 potions of flight
 h - 9 potions of brilliance
 i - 4 potions of cure mutation
 p - 9 potions of curing
 s - 2 potions of might
 t - a potion of resistance
 A - 4 potions of heal wounds
 H - 3 potions of haste
 I - a potion of invisibility
 P - a potion of agility
 W - 2 potions of magic
Books
 K - a book of Beasts

   Spells                             Type                      Level
   a - Summon Butterflies             Summoning                    1
   b - Call Canine Familiar           Summoning                    3
   c - Summon Ice Beast               Ice/Summoning                4
   d - Summon Mana Viper              Hexes/Summoning              5
   e - Summon Hydra                   Summoning                    7
 U - a book of Callings

   Spells                             Type                      Level
   a - Summon Small Mammal            Summoning                    1
   b - Call Imp                       Summoning                    2
   c - Call Canine Familiar           Summoning                    3
   d - Summon Guardian Golem          Hexes/Summoning              3
   e - Summon Lightning Spire         Summoning/Air                4
   f - Summon Ice Beast               Ice/Summoning                4
Miscellaneous
 d - a lamp of fire
 q - a phantom mirror
 x - a lamp of fire
 S - 2 sacks of spiders
Comestibles
 a - 8 slices of pizza
 o - 34 fruits
 F - 16 royal jellies
 G - 13 meat rations


   Skills:
 + Level 13.2 Fighting
 + Level 12.5 Polearms
 + Level 8.8 Armour
 + Level 8.7 Dodging
 + Level 8.8 Spellcasting
 + Level 10.9 Charms
 + Level 7.8 Summonings
 + Level 6.8 Air Magic
 - Level 6.0 Invocations
 - Level 4.0 Evocations


You had 3 spell levels left.
You knew the following spells:

 Your Spells              Type           Power        Failure   Level  Hunger
a - Infusion              Chrm           ####         1%          1    None
b - Song of Slaying       Chrm           #####...     1%          2    None
c - Shroud of Golubria    Chrm/Tloc      ###.......   1%          2    None
d - Regeneration          Chrm/Necr      ###.......   4%          3    #......
e - Spectral Weapon       Hex/Chrm       ###.....     4%          3    #......
f - Haste                 Chrm           #####...     21%         6    ######.
g - Deflect Missiles      Chrm/Air       ####......   52%         6    ######.
h - Call Canine Familiar  Summ           ####....     1%          3    #......
i - Summon Lightning Spi  Summ/Air       ####....     8%          4    ###....


Dungeon Overview and Level Annotations

Branches:
Dungeon (15/15)            Temple (1/1) D:5            Lair (6/6) D:10
 Shoals (0/4) Lair:2        Snake (0/4) Lair:4        Slime (0/5) Lair:6
    Orc (2/2) D:12            Elf (0/3) Orc:2        Vaults (0/5) D:13
 Depths (2/5) D:15

Altars:
Ashenzari
Cheibriados
Dithmenos
Elyvilon
Fedhas
Gozag
Hepliaklqana
Kikubaaqudgha
Makhleb
Nemelex Xobeh
Okawaru
Qazlal
Ru
Sif Muna
Trog
Uskayaw
Vehumet
Xom
Yredelemnul
Zin
The Shining One
Beogh

Shops:
D:4 }%!(=   D:10 [[=}   D:11 (:}   D:13 ?   Orc:2 %!**

Portals:
Hell: Depths:1 Depths:2
Pandemonium: Depths:2
Ziggurat: Depths:1
Trove: D:11 (give 2 scrolls of acquirement)

Annotations:
Depths:1 3 runed doors


Innate Abilities, Weirdness & Mutations

You have hooves in place of feet.
Armour fits poorly on your strangely shaped body.
You cover ground very quickly.
You have extremely tough skin. (AC +3)
You are surrounded by a mild repulsion field. (EV +2)
You are somewhat resistant to further mutation.


Message History

The fire giant hits you but does no damage.
Your lightning spire shoots out a bolt of lightning at the spriggan air mage!
The bolt of electricity hits the spriggan air mage.
The spriggan air mage hits you but does no damage.
The spriggan rider hits you from afar with a spear.
* * * LOW HITPOINT WARNING * * *
Your lightning spire shoots out a bolt of lightning at the spriggan air mage!
The bolt of electricity hits the spriggan air mage.
You slice the fire giant!! You freeze the fire giant.
The fire giant is heavily wounded.
The spriggan air mage hits you but does no damage.
You block the fire giant's attack.
The spriggan rider hits you from afar with a spear!!
* * * LOW HITPOINT WARNING * * *
Your lightning spire shoots out a bolt of lightning at the spriggan air mage!
The bolt of electricity hits the spriggan air mage.
The spriggan rider hits you but does no damage.
The fire giant gestures at you while chanting.
The bolt of fire hits you! The fire burns you terribly!
You die...

#....#h#.h ###...#.#'#
###.##..#∩#.# #....#..#####
###....##.'....
#######.......#.#####
+..8i.........'.)....
#.........=...###....
#...@C.###'####.#....
#...###i#........####.
#.....#............#..##
#...#####...........##.... #
#######.(......}......#.....
##
#....'.(##...........##.....
.### #....#...#.....(.....#
.....
...###....#...##i#..###.###
#.... ...#......#....(.#..+
## #...(


You could see a fire giant, a spriggan rider, a spriggan air mage and a friendly
lightning spire.

Vanquished Creatures
  A bone dragon (Abyss:3)
  A frost giant (Depths:1)
  2 orc warlords
  A spriggan defender (Depths:2)
  8 very ugly things
  5 stone giants
  4 dire elephants (Lair:6)
  3 ettins
  An eidolon (Abyss:3)
  A blizzard demon (Depths:2)
  The ghost of spawnfightdierepeat the Spear-Bearer, a journeyman FoFi of Makhleb (Orc:1)
  A deep elf high priest (D:15)
  A fire dragon (Depths:1)
  Snorg (Orc:2)
  2 rakshasas
  2 yaktaur captains (D:15)
  11 hydras
  3 ice dragons (Depths:1)
  A quicksilver dragon skeleton (Abyss:3)
  4 vault guards (D:13)
  A catoblepas (Lair:6)
  An anaconda (Lair:6)
  A death knight (D:15)
  A deep troll earth mage (D:15)
  10 centaur warriors
  A tengu warrior (D:13)
  2 thrashing horrors (Abyss:3)
  4 orc high priests (Orc:2)
  Nergalle (D:12)
  Urug (D:12)
  A large abomination (Abyss:3)
  3 wretched stars (Abyss:3)
  7 skeletal warriors
  3 unseen horrors
  2 deep elf archers (D:15)
  A giant orange brain (D:15)
  A phantasmal warrior (D:15)
  9 orc knights
  9 hill giants
  Pikel (D:8)
  16 ugly things
  4 griffons
  6 deep elf magi
  5 manticores
  5 orc sorcerers
  A salamander (shapeshifter) (D:15)
  A hornet (D:15)
  2 cyclopes
  4 black mambas
  13 elephants (Lair:6)
  4 sirens (Lair:2)
  A guardian serpent (shapeshifter) (Depths:1)
  2 smoke demons (Abyss:3)
  12 spiny frogs
  A rime drake (Lair:6)
  3 gargoyles
  2 kobold demonologists (D:15)
  9 komodo dragons
  A red devil (Depths:2)
  An efreet (D:15)
  A redback zombie (D:14)
  4 ancient zymes (Abyss:3)
  An ice devil (Depths:2)
  A queen bee (Lair:3)
  A tengu conjurer (D:15)
  10 trolls
  2 meliai (D:15)
  2 slime creatures (D:15)
  3 two-headed ogres
  A blink frog (shapeshifter) (Depths:1)
  A harpy skeleton (D:15)
  15 blink frogs
  8 dream sheep
  A centaur simulacrum (D:15)
  2 ynoxinuls
  Sigmund (D:2)
  5 shadows
  6 water elementals (Depths:1)
  3 wraiths (D:15)
  3 vampires
  A spriggan (shapeshifter) (Depths:1)
  38 yaks
  2 hungry ghosts
  3 wyverns
  A chaos spawn (Depths:2)
  8 hippogriffs
  2 basilisks
  2 neqoxecs (Abyss:3)
  A steam dragon (D:10)
  5 vampire mosquitoes (D:15)
  Menkaure (D:6)
  4 mottled dragons
  Edmund (D:6)
  2 soldier ants
  6 wargs
  8 water moccasins
  4 nagas (Lair:4)
  5 porcupines
  47 orc warriors
  2 phantoms
  2 black bears
  7 sky beasts
  3 ice beasts
  19 wolves
  4 boggarts (Depths:1)
  28 ogres
  A necrophage (D:11)
  24 centaurs
  5 big kobolds
  19 crocodiles
  17 giant frogs
  A gnoll sergeant (D:9)
  A small abomination (Abyss:3)
  4 scorpions
  44 killer bees
  15 wights
  An electric eel (Lair:3)
  A howler monkey (D:7)
  7 crimson imps
  5 centaur zombies
  7 jellies
  6 centaur skeletons
  32 orc priests
  Crazy Yiuf (D:6)
  10 hounds
  2 iron imps
  A giant frog skeleton (D:13)
  4 iguanas
  Ijyb (D:2)
  4 hell rats (Lair:4)
  45 orc wizards
  11 worker ants
  A killer bee zombie (D:6)
  A hound zombie (D:6)
  A hound skeleton (D:6)
  A worker ant zombie (D:9)
  6 gnolls
  2 howler monkey skeletons
  13 adders
  39 river rats
  5 shadow imps
  An ufetubus (Abyss:3)
  2 adder skeletons
  2 adder zombies (D:6)
  A worm (D:2)
  2 giant geckos (D:2)
  105 orcs
  A ball python (D:2)
  3 giant cockroaches
  4 goblins
  4 hobgoblins
  10 jackals
  19 kobolds
  3 quokkas
  13 bats
  5 giant newts
  6 rats
  A fungus (Lair:3)
  2 plants (Lair:6)
1006 creatures vanquished.

Vanquished Creatures (collateral kills)
  A slime creature (Depths:1)
  An orc priest (Orc:1)
  An orc (Orc:2)
3 creatures vanquished.

Vanquished Creatures (others)
  A tengu reaver (Depths:2)
  A slave (D:8)
  A boggart (Depths:1)
  2 centaurs
  A crocodile (D:9)
  A jelly (D:9)
  A giant frog skeleton (D:8)
  A gnoll (D:9)
  3 orcs
  2 kobolds (D:7)
  6 fungi
  12 plants
  112 spectral weapons
144 creatures vanquished.

Grand Total: 1153 creatures vanquished

Notes
Turn   | Place    | Note
-------+----------+-------------------------------------------
     0 | D:1      | Redz the Centaur Skald began the quest for the Orb.
     0 | D:1      | Reached XP level 1. HP: 17/17 MP: 3/3
   569 | D:1      | Reached XP level 2. HP: 24/24 MP: 4/4
   887 | D:2      | Noticed Ijyb
   890 | D:2      | Noticed Sigmund
  1178 | D:4      | Found Coanompeno's Distillery.
  1179 | D:4      | Found Nycralau's Weapon Boutique.
  1220 | D:3      | Reached skill level 1 in Armour
  1488 | D:3      | Reached skill level 1 in Dodging
  1488 | D:3      | Reached XP level 3. HP: 23/30 MP: 3/5
  1526 | D:3      | Learned a level 2 spell: Song of Slaying
  1529 | D:3      | Learned a level 2 spell: Shroud of Golubria
  1602 | D:2      | Found a snail-covered altar of Cheibriados.
  1605 | D:2      | Found a white marble altar of Elyvilon.
  2274 | D:2      | Killed Ijyb
  2274 | D:2      | Reached XP level 4. HP: 22/37 MP: 6/6
  2448 | D:2      | Killed Sigmund
  2448 | D:2      | Reached skill level 3 in Fighting
  2448 | D:2      | Reached XP level 5. HP: 29/45 MP: 0/8
  2915 | D:4      | Found Qaah's Jewellery Shoppe.
  2990 | D:4      | Found Yteuppuo's Food Shoppe.
  2995 | D:4      | Reached XP level 6. HP: 44/51 MP: 9/9
  3071 | D:4      | Found Dein's Gadget Boutique.
  3206 | D:4      | Found a radiant altar of Vehumet.
  3556 | D:5      | Entered Level 5 of the Dungeon
  3777 | D:5      | Found a staircase to the Ecumenical Temple.
  3787 | Temple   | Entered the Ecumenical Temple
  3934 | Temple   | Became a worshipper of Warmaster Okawaru
  4071 | D:5      | Reached XP level 7. HP: 27/58 MP: 3/10
  4370 | D:5      | Found a shadowy altar of Dithmenos.
  4411 | D:5      | Reached skill level 4 in Fighting
  5099 | D:5      | Learned a level 3 spell: Regeneration
  5103 | D:5      | Learned a level 3 spell: Spectral Weapon
  5127 | D:6      | Found a runed door.
  5230 | D:6      | Reached * piety under Okawaru
  5355 | D:6      | Noticed Menkaure
  5357 | D:6      | Killed Menkaure
  5357 | D:6      | Reached XP level 8. HP: 67/67 MP: 10/12
  5369 | D:6      | Noticed a hill giant
  5656 | D:6      | Reached skill level 5 in Fighting
  6074 | D:6      | Killed a hill giant
  6074 | D:6      | Reached ** piety under Okawaru
  6074 | D:6      | Reached skill level 5 in Polearms
  6160 | D:6      | You fall through a shaft for 3 floors!
  6175 | D:8      | Noticed Pikel
  6232 | D:10     | Entered Level 10 of the Dungeon
  6232 | D:10     | Found Lodghidoll's Jewellery Shop.
  6307 | D:10     | Found Aqab's Gadget Boutique.
  6334 | D:10     | Found a staircase to the Lair.
  6452 | D:9      | Got a bronze scale mail
  6482 | D:8      | Killed Pikel
  6482 | D:8      | Reached *** piety under Okawaru
  6482 | D:8      | Reached skill level 6 in Fighting
  6482 | D:8      | Reached XP level 9. HP: 65/75 MP: 6/14
  6666 | D:8      | Identified the cursed +0 scale mail of Agoraphobia {rElec Int+4} (You found it on level 9 of the Dungeon)
  6798 | D:6      | Noticed Edmund
  6946 | D:6      | Killed Edmund
  6946 | D:6      | Reached skill level 5 in Charms
  7138 | D:6      | Found a deep blue altar of Sif Muna.
  7551 | D:7      | Reached **** piety under Okawaru
  7551 | D:7      | Reached skill level 7 in Fighting
  8793 | D:8      | Reached XP level 10. HP: 85/86 MP: 12/16
  9229 | D:9      | Found a blossoming altar of Fedhas.
 10061 | D:10     | Found Luwn's Antique Armour Boutique.
 10123 | D:10     | Bought a runed robe for 17 gold pieces
 10123 | D:10     | Bought a pair of embroidered gloves for 112 gold pieces
 10179 | D:10     | Reached ***** piety under Okawaru
 10291 | D:10     | Reached skill level 8 in Fighting
 10477 | D:10     | Bought a wand of teleportation (4/9) for 360 gold pieces
 10634 | D:10     | Found Ifruyba's Armour Shop.
 10833 | D:10     | Noticed a two-headed hydra
 10861 | D:10     | Received a gift from Okawaru
 10912 | D:10     | Killed a two-headed hydra
 10983 | D:10     | Reached XP level 11. HP: 76/95 MP: 7/18
 11034 | D:11     | Found Uquefav's Weapon Shoppe.
 11233 | D:11     | Noticed a hill giant
 11244 | D:11     | Killed a hill giant
 11403 | D:11     | Noticed a hill giant
 11555 | D:11     | Killed a hill giant
 11555 | D:11     | Reached skill level 9 in Fighting
 11744 | D:11     | Found a portal to a secret trove of treasure.
 11850 | D:11     | Noticed a hill giant
 12145 | D:10     | Reached skill level 5 in Armour
 12262 | D:11     | Reached skill level 5 in Spellcasting
 12361 | D:11     | Found Sigyud's Gadget Boutique.
 12379 | D:11     | Found Funac's Book Emporium.
 12453 | D:11     | Reached skill level 5 in Dodging
 12564 | D:11     | Killed a hill giant
 12684 | D:12     | Noticed Urug
 12827 | D:6      | Noticed Crazy Yiuf
 12832 | D:6      | Killed Crazy Yiuf
 13109 | D:11     | Received a gift from Okawaru
 13157 | D:12     | Killed Urug
 13157 | D:12     | Reached ****** piety under Okawaru
 13361 | D:12     | Reached skill level 1 in Evocations
 13397 | D:12     | Noticed Nergalle
 13400 | D:12     | Noticed a hill giant
 13405 | D:12     | Noticed a spectral orc warlord
 13405 | D:12     | Noticed a spectral orc warlord
 13416 | D:12     | Killed Nergalle
 13416 | D:12     | Reached skill level 10 in Fighting
 13494 | D:12     | Killed a hill giant
 13494 | D:12     | Reached XP level 12. HP: 89/106 MP: 7/20
 13745 | D:12     | Noticed a five-headed hydra
 14101 | D:12     | Killed an 11-headed hydra
 14189 | D:12     | Noticed a centaur warrior
 14472 | D:12     | Found a staircase to the Orcish Mines.
 14629 | D:12     | Killed a centaur warrior
 14900 | Lair:1   | Entered Level 1 of the Lair of Beasts
 15241 | Lair:1   | Noticed a four-headed hydra
 15310 | Lair:1   | Killed a four-headed hydra
 16270 | Lair:2   | You fall through a shaft for 2 floors!
 16699 | Lair:2   | Reached skill level 10 in Polearms
 16709 | Lair:2   | Received a gift from Okawaru
 16720 | Lair:2   | Found a staircase to the Shoals.
 16724 | Lair:2   | Noticed a six-headed hydra
 16782 | Lair:2   | Killed a six-headed hydra
 17007 | Lair:2   | Learned a level 6 spell: Haste
 17499 | Lair:2   | Gained mutation: You are surrounded by a mild repulsion field. (EV +2) [potion of mutation]
 17499 | Lair:2   | Gained mutation: You are somewhat resistant to further mutation. [potion of mutation]
 17660 | Lair:3   | Reached XP level 13. HP: 95/115 MP: 20/22
 17827 | Lair:3   | Reached skill level 1 in Invocations
 17874 | Lair:3   | Reached skill level 11 in Fighting
 18489 | Lair:3   | Received a gift from Okawaru
 18490 | Lair:3   | Got an ichor-stained bardiche {god gift}
 18506 | Lair:3   | Identified the +7 bardiche "Relarur" {freeze, rElec rF- rN+ Str+5} (Okawaru gifted it to you on level 3 of the Lair of Beasts)
 18890 | Lair:4   | Found a staircase to the Snake Pit.
 19511 | Lair:6   | Entered Level 6 of the Lair of Beasts
 19511 | Lair:6   | Found a staircase to the Slime Pits.
 19789 | Lair:5   | Received a gift from Okawaru
 20996 | Lair:6   | Received a gift from Okawaru
 21057 | Lair:6   | Reached XP level 14. HP: 65/124 MP: 22/24
 21610 | Lair:6   | Reached skill level 5 in Invocations
 22114 | D:13     | Found a gate to the Vaults.
 22378 | D:13     | Reached skill level 12 in Fighting
 22955 | D:13     | Found Jeesm's Magic Scroll Shoppe.
 23094 | D:13     | Received a gift from Okawaru
 23117 | D:13     | Learned a level 6 spell: Deflect Missiles
 23122 | D:13     | Got an encrusted triple crossbow {god gift}
 23123 | D:13     | Identified the +2 triple crossbow "Beastslayer" {elec, rElec rPois rF- rC+} (Okawaru gifted it to you on level 13 of the Dungeon)
 24217 | D:15     | Entered Level 15 of the Dungeon
 24248 | D:15     | Reached XP level 15. HP: 127/134 MP: 21/26
 24377 | D:15     | Received a gift from Okawaru
 24381 | D:15     | Got a faintly humming plate armour {god gift}
 24394 | D:15     | Identified the +10 plate armour "Vabuyrph" {rN+ Regen+ Int-2 Stlth+} (Okawaru gifted it to you on level 15 of the Dungeon)
 24525 | D:15     | Found a staircase to the Depths.
 24587 | D:15     | Found a glowing golden altar of the Shining One.
 24588 | D:15     | Found a radiant altar of Vehumet.
 24588 | D:15     | Found a blossoming altar of Fedhas.
 24953 | D:15     | Reached skill level 10 in Charms
 25687 | D:15     | Received a gift from Okawaru
 26317 | D:15     | Received a gift from Okawaru
 26355 | D:13     | Bought a scroll of identify for 26 gold pieces
 26355 | D:13     | Bought a scroll of identify for 26 gold pieces
 26355 | D:13     | Bought a scroll of identify for 26 gold pieces
 26485 | Orc:1    | Entered Level 1 of the Orcish Mines
 26485 | Orc:1    | Noticed spawnfightdierepeat's ghost (journeyman FoFi)
 26498 | Orc:1    | Killed spawnfightdierepeat's ghost
 26553 | Orc:1    | Upgraded the game from 0.19-a0-1277-g7cecae3 to 0.19-a0-1311-gdcfd90a
 26591 | Orc:2    | Entered Level 2 of the Orcish Mines
 26611 | Orc:1    | Reached skill level 13 in Fighting
 26834 | Orc:2    | Noticed Snorg
 26873 | Orc:2    | Killed Snorg
 26997 | Orc:1    | Noticed an orc warlord
 27086 | Orc:2    | Found a roughly hewn altar of Beogh.
 27196 | Orc:2    | Reached XP level 16. HP: 130/143 MP: 25/28
 27214 | Orc:2    | Found Ruowatus's General Store.
 27352 | Orc:2    | Bought a scroll of blinking for 82 gold pieces
 27358 | Orc:2    | Found Ifoasyan's Assorted Antiques.
 27694 | Orc:2    | Reached skill level 1 in Air Magic
 28297 | D:15     | Learned a level 3 spell: Call Canine Familiar
 28531 | Orc:2    | Found a staircase to the Elven Halls.
 28596 | Orc:2    | Received a gift from Okawaru
 28596 | Orc:2    | Reached skill level 1 in Summonings
 28917 | Orc:2    | Found a roughly hewn altar of Beogh.
 29077 | Orc:2    | Found Hym Icee's Distillery.
 29085 | Orc:2    | Bought a potion of heal wounds for 75 gold pieces
 29085 | Orc:2    | Bought a potion of heal wounds for 75 gold pieces
 29106 | Orc:2    | Found Wobutei's Food Shop.
 30227 | D:13     | Found Jeesm's Magic Scroll Shoppe.
 30359 | D:13     | Found a gate to the Vaults.
 30491 | D:13     | Upgraded the game from 0.19-a0-1311-gdcfd90a to 0.19-a0-1337-g9bf5fb0
 30997 | Depths:1 | Entered Level 1 of the Depths
 31151 | Depths:1 | Received a gift from Okawaru
 31154 | Depths:1 | Reached skill level 5 in Summonings
 31346 | Depths:1 | Found a gateway to a ziggurat.
 31458 | Depths:1 | Noticed a lich
 31459 | Depths:1 | Cast into level 3 of the Abyss (a wizard)
 31459 | Abyss:3  | Found a corrupted altar of Lugonu.
 31561 | Abyss:3  | Reached skill level 5 in Air Magic
 31568 | Abyss:3  | Noticed a tentacled monstrosity
 31833 | Abyss:3  | Found a corrupted altar of Lugonu.
 31865 | Abyss:3  | Noticed a tentacled starspawn
 31946 | Abyss:3  | Noticed a bone dragon
 31958 | Abyss:3  | Killed a bone dragon
 31961 | Depths:1 | Escaped the Abyss
 32392 | D:15     | Learned a level 4 spell: Summon Lightning Spire
 32773 | Depths:1 | Found a runed gate.
 32773 | Depths:1 | Found a runed gate.
 32773 | Depths:1 | Found a runed gate.
 32819 | Depths:1 | Received a gift from Okawaru
 33634 | Depths:1 | Found a gateway to Hell.
 33696 | Depths:1 | Reached XP level 17. HP: 135/149 MP: 19/29
 33845 | Depths:2 | Found a one-way gate leading to the halls of Pandemonium.
 34402 | Depths:2 | Got a warped cloak
 34403 | Depths:2 | Identified the +1 cloak "Kiogophy" {Regen+} (You found it on level 2 of the Depths)
 34596 | Depths:2 | Killed from afar by a fire giant

Vault maps used:
D:1:      shiori_arrival_maze
D:2:      elyvilon_altar_5, cheibriados_altar_1, uniq_iyjb, uniq_sigmund
D:3:      patterned_corridor
D:4:      first_bread, serial_shops, shop, nicolae_shop_stone, shop, shop, shop,
          minmay_misc_feat_nine_boxes, vehumet_altar_wand_db
D:5:      kennysheep_mini_moat, corexii_corridor_pit
D:6:      kennysheep_orc_sif_temple, uniq_edmund, uniq_menkaure,
          uniq_crazy_yiuf_cottage
D:7:      kennysheep_kobold_camp
D:8:      uniq_pikel
D:9:      fedhas_altar_4
D:10:     dpeg_lair_monsters, serial_shops, shop_statue, nicolae_shop_trees,
          shop, shop, hangedman_ranch, kennysheep_doodads
D:11:     nicolae_trove_entry_crossroad, serial_shops, shop, shop_statue,
          nicolae_shop_window_shopping
D:12:     orc_0_dummy, centaur_isle, uniq_nergalle, uniq_urug
D:13:     lightli_vaults_fourway_checkpoint, serial_shops,
          kennysheep_little_box, minmay_statues_item
D:15:     hangedman_slaughterboxes, serial_shops
Temple:   compressed_dpeg_circular_temple
Lair:1:   eino_small_chamber_without_monster, lemuel_fruit_fields
Lair:2:   elwin_shoals_entry_stream
Lair:3:   serial_bayou_pond_b
Lair:4:   minmay_snake_entry_guardpost_small, grunt_megastairs_4
Lair:5:   grunt_megastairs_2, infiniplex_staircase_pool
Lair:6:   due_jungle_book, slime_dummy, grunt_megastairs_3, lemuel_fruit_fields
Orc:2:    pubby_orc_utopia, uniq_snorg
Depths:1: enter_ziggurat_a, minmay_misc_feat_tiny, pf_coc_iceberg, fountainhead,
          serial_bayou_pond_c, kennysheep_diamond, pandoras_box_mu,
          serial_bayou_shore_a
Depths:2: minmay_gate_of_8, rand_demon_pan_entry_4, grunt_hell_entry_dis_mu,
          minmay_staircase_statues, uniq_nikola, uniq_asterion, uniq_enchantress
Abyss:3:  evilmike_abyss_exit_8

Skill      XL: |  1  2  3  4  5  6  7  8  9 10 11 12 13 14 15 16 |
---------------+-------------------------------------------------+-----
Polearms       | 2 3 4 6 8 9 10 11 12 | 12.5
Armour         | 1 2 3 4 5 6 7 8 |  8.8
Dodging        | 1 2 3 4 5 6 7 8 |  8.7
Charms         | 3 4 5 6 7 8 9 10 | 10.9
Fighting       | 3 4 6 7 8 10 11 12 13 | 13.2
Spellcasting   | 2 3 4 5 6 7 8 |  8.8
Evocations     | 1 3 4 |  4.0
Invocations    | 4 6 |  6.0
Air Magic      | 6 |  6.8
Summonings     | 7 |  7.8

Action                   |  1- 3 |  4- 6 |  7- 9 | 10-12 | 13-15 | 16-18 || total
-------------------------+-------+-------+-------+-------+-------+-------++-------
Melee: Spear             |   206 |   102 |   624 |    84 |       |       ||  1016
       Kick              |    13 |    13 |    91 |   135 |   192 |    95 ||   539
       Scythe            |       |    83 |       |       |       |       ||    83
       Trident           |       |       |       |   256 |   110 |       ||   366
       Glaive            |       |       |       |   115 |    75 |       ||   190
       Halberd           |       |       |       |   439 |       |       ||   439
       Bardiche          |       |       |       |       |   873 |   521 ||  1394
Throw: Tomahawk          |     2 |       |     1 |       |       |       ||     3
 Cast: Infusion          |     4 |     7 |    17 |    19 |     3 |       ||    50
       Shroud of Golubri |     1 |    10 |    23 |    24 |    35 |     8 ||   101
       Spectral Weapon   |       |       |    32 |   114 |   151 |    78 ||   375
       Regeneration      |       |       |       |     2 |     6 |    10 ||    18
       Song of Slaying   |       |       |       |     1 |     3 |     7 ||    11
       Call Canine Famil |       |       |       |       |       |    20 ||    20
       Summon Lightning  |       |       |       |       |       |     6 ||     6
Invok: Heroism           |       |       |       |     1 |       |       ||     1
 Abil: Evoke Invisibilit |       |       |       |       |     1 |       ||     1
Evoke: Wand              |       |       |     5 |    47 |    16 |     3 ||    71
       Sack of spiders   |       |       |       |       |     1 |       ||     1
  Use: Potion            |       |     9 |     2 |     8 |     5 |     1 ||    25
       Scroll            |       |     7 |    10 |     5 |    17 |     4 ||    43
 Stab: Distracted        |       |       |     1 |     2 |     1 |     4 ||     8
       Invisible         |       |       |       |       |     2 |       ||     2
  Eat: Chunk             |     2 |     7 |    14 |    27 |    27 |    13 ||    90
       Meat ration       |       |       |     1 |       |       |       ||     1
       Bread ration      |       |       |       |     2 |     1 |     2 ||     5
       Royal jelly       |       |       |       |     1 |     1 |     1 ||     3
Armor: Leather armour    |    51 |    39 |   210 |    35 |       |       ||   335
       Robe              |       |       |       |   393 |   223 |       ||   616
       Troll leather arm |       |       |       |       |   268 |   221 ||   489
Dodge: Dodged            |    53 |    72 |   254 |   302 |   507 |   257 ||  1445
Block: Other             |       |       |       |       |   124 |    96 ||   220
       Reflection        |       |       |       |       |    10 |    10 ||    20
